 Dungeon Crawl Stone Soup version 0.27-a0-1325-g58a489ad9e (webtiles) character file.

Game seed: 6211743781599101811

315 puppykicker the Vexing (level 6, -4/44 HPs)
             Began as a Vampire Arcane Marksman on June 24, 2021.
             Killed from afar by a steam dragon (23 damage)
             ... with a ball of steam
             ... on level 4 of the Dungeon.
             The game lasted 00:14:00 (3294 turns).

puppykicker the Vexing (Vampire Arcane Marksman)    Turns: 3294, Time: 00:14:00

Health: -4/44      AC: 13    Str:  9    XL:     6   Next: 19%
Magic:  1/8        EV: 13    Int: 21    God:
Gold:   117        SH:  0    Dex: 17    Spells: 0/8 levels left

rFire    . . .     SeeInvis +   b - +1 falchion (protect)
rCold    . . .     Faith    .   (no shield)
rNeg     . . .     Spirit   .   f - +0 robe
rPois    .         Reflect  .   (no helmet)
rElec    .         Harm     .   p - +0 cloak
rCorr    .         Rampage  .   (no gloves)
Will     .....                  j - +2 pair of boots
Stlth    +++.......             (no amulet)
HPRegen  0.34/turn              o - +6 ring of intelligence
MPRegen  0.11/turn              (no ring)

@: under a protective aura, attractive, healing quickly
A: alive, fangs 3, see invisible, vampiric 2
a: Exsanguinate


You were on level 4 of the Dungeon.
You visited 1 branch of the dungeon, and saw 4 of its levels.

You collected 117 gold pieces.

Inventory:

Hand Weapons
 a - a +0 dagger
 b - a +1 falchion of protection (weapon)
 w - a +1 hunting sling of freezing
Missiles
 c - 2 throwing nets
 h - 4 javelins
 m - 14 poisoned darts (quivered)
Armour
 f - a +0 robe (worn)
 j - a +2 pair of boots (worn)
 p - a +0 cloak (worn)
Magical Staves
 n - a staff of cold {rC+}
Jewellery
 o - a +6 ring of intelligence (left hand)
Wands
 r - a wand of flame (18)
 u - a wand of polymorph (7)
Scrolls
 d - a scroll of summoning {unknown}
 e - 4 scrolls of magic mapping {!r}
 i - a scroll of enchant armour {unknown}
 l - a scroll of enchant weapon {unknown}
 t - a scroll of teleportation
 v - a scroll of amnesia {unknown}
Potions
 g - a potion of berserk rage {unknown}
 k - a potion of flight


   Skills:
 + Level 1.6 Fighting
 + Level 2.3(2.5) Short Blades
 * Level 1.1(1.7) Long Blades
 + Level 0.6(1.3) Slings
 - Level 1.9(2.0) Throwing
 + Level 1.1 Armour
 + Level 3.0 Dodging
 + Level 4.0 Stealth
 + Level 1.8 Spellcasting
 + Level 5.0 Hexes
 + Level 0.0 Summonings
 + Level 1.3 Necromancy
 + Level 0.8 Translocations


You couldn't memorise any spells.
You knew the following spells:

 Your Spells              Type           Power      Damage    Failure   Level
a - Corona                Hex            24%        N/A       1%          1
b - Summon Small Mammal   Summ           4%         N/A       16%         1
g - Apportation           Tloc           10%        N/A       11%         1
p - Blink                 Tloc           N/A        N/A       16%         2
s - Slow                  Hex            22%        N/A       3%          2
z - Animate Skeleton      Necr           14%        N/A       9%          1

Your spell library contained the following spells:

 Spells                   Type           Power      Damage    Failure   Level
 Portal Projectile        Hex/Tloc       28%        N/A       14%         3
 Beastly Appendage        Tmut           2%         N/A       16%         1
 Magic Dart               Conj           4%         1d3       16%         1
 Inner Flame              Hex/Fire       12%        N/A       16%         3
 Cause Fear               Hex            11%        N/A       19%         4
 Call Imp                 Summ           1%         N/A       22%         2
 Wereblood                Tmut           1%         N/A       22%         2
 Conjure Flame            Conj/Fire      1%         6-21      41%         3
 Mephitic Cloud           Conj/Pois/Air  1%         N/A       41%         3
 Spider Form              Tmut/Pois      0%         N/A       41%         3
 Leda's Liquefaction      Hex/Erth       6%         N/A       47%         4
 Ice Form                 Ice/Tmut       1%         N/A       83%         4


Dungeon Overview and Level Annotations

Branches:
Dungeon (4/15)
 Temple: D:4-7

Altars:
Cheibriados
Uskayaw

Shops:
D:4 :


Innate Abilities, Weirdness & Mutations

Your natural rate of healing is accelerated.
You have razor-sharp teeth.
You have supernaturally acute eyesight. (SInv)
You are afflicted with vampirism and can become a bat while bloodless.


Message History

The steam dragon misses you.
You hit the steam dragon. The steam dragon breathes steam at you.
The ball of steam hits you!!
Ouch! That really hurt!
* * * LOW HITPOINT WARNING * * *
Your magical contamination has completely faded away.
You take 22 damage, and have 13/44 hp.
MASSIVE DAMAGE!!
The steam dragon barely misses you.
You riposte.
You barely miss the steam dragon. The steam dragon misses you.
Unknown command.
It was a potion of attraction.
You feel attractive to monsters.
It was a potion of curing.
You feel better. The steam dragon misses you.
The steam dragon barely misses you.
You regained 11 hp, and now have 25/44 hp.
You closely miss the steam dragon. The steam dragon breathes steam at you.
The ball of steam misses you.
You hit the steam dragon but do no damage.
Your weapon exudes an aura of protection.
You are engulfed in a cloud of scalding steam.
The steam dragon bites you but does no damage.
The steam dragon claws you but does no damage.
You hit the steam dragon.
You are engulfed in a cloud of scalding steam.
The steam dragon bites you!
* * * LOW HITPOINT WARNING * * *
The steam dragon closely misses you.
You take 8 damage, and have 18/44 hp.
You hit the steam dragon but do no damage.
The steam dragon closely misses you.
You riposte.
You hit the steam dragon but do no damage.
The steam dragon claws you but does no damage.
You closely miss the steam dragon. The steam dragon breathes steam at you.
The ball of steam hits you!!
Ouch! That really hurt!
You die...

###..####......# ###.#
........#......##....#
####.##.#............#
# #..#.#............##
# #..#.#.............#
# #..#.#.............#
# #..#.##'#..........#
####..#.##.#....D.....#
......#)##.#....@.....#
#####...##.#..........#
######. #............#
....... #.#.........)#
######. ####.#########
.. ##.


You could see a steam dragon (slow, catching breath).

Levels and vault maps discovered:
D:1:      heliophobic_arrival_enchanted_forest, layout_basic, serial_forest,
          infiniplex_forest_lined_4_way, infiniplex_forest_clump_large,
          infiniplex_forest_straight_3, infiniplex_forest_straight_3,
          infiniplex_forest_clump_long, infiniplex_forest_straight_2,
          infiniplex_forest_side_room, infiniplex_forest_straight_2
D:2:      layout_loops_ring, basic_altar
D:3:      layout_rooms, lemuel_round_altar,
          shapermc_ecumenical_altar_hornbeckon, uniq_grinder
D:4:      layout_basic, minmay_temple_entry_overgrown, serial_shops,
          kennysheep_mini, shop, shop, uniq_blork_the_orc

Notes
Turn   | Place    | Note
-------+----------+-------------------------------------------
     0 | D:1      | puppykicker the Vampire Arcane Marksman began the quest for
                  | the Orb.
     0 | D:1      | Reached XP level 1. HP: 14/14 MP: 2/2
    40 | D:1      | Identified a +0 dagger
    41 | D:1      | Identified a +0 club
    87 | D:1      | Identified a +0 club
   101 | D:1      | Identified a +2 pair of boots
   181 | D:1      | Reached skill level 1 in Fighting
   237 | D:1      | Reached XP level 2. HP: 7/21 MP: 3/3
   240 | D:1      | Learned a level 2 spell: Slow
   438 | D:1      | Identified 2 scrolls of magic mapping
   439 | D:1      | Identified 2 scrolls of identify
   439 | D:1      | Identified a scroll of teleportation
   463 | D:1      | Reached skill level 1 in Stealth
   523 | D:1      | Identified a +0 club
   561 | D:1      | Identified a +0 club
  1154 | D:2      | Gained mutation: You are afflicted with vampirism and can
                  | become a bat while bloodless. [Vampire growth]
  1154 | D:2      | Reached XP level 3. HP: 24/26 MP: 1/4
  1156 | D:2      | Learned a level 1 spell: Animate Skeleton
  1175 | D:2      | Found a snail-covered altar of Cheibriados.
  1179 | D:2      | Identified a +0 short sword
  1223 | D:2      | Identified a potion of lignification
  1236 | D:2      | Identified a +0 club
  1453 | D:2      | Reached skill level 1 in Short Blades
  1453 | D:2      | Identified a +0 leather armour
  1461 | D:2      | Identified a potion of flight
  1470 | D:2      | Reached skill level 2 in Stealth
  1864 | D:3      | Identified a +0 short sword
  1864 | D:3      | Identified a +0 short sword
  1864 | D:3      | Identified a +0 flail
  1864 | D:3      | Identified a +0 ring mail
  1864 | D:3      | Identified a +0 flail
  1864 | D:3      | Identified a +0 ring mail
  1864 | D:3      | Identified a +1 falchion of protection
  1864 | D:3      | Identified a +0 club
  1864 | D:3      | Identified a +0 club
  1864 | D:3      | Identified a +1 hunting sling of freezing
  1903 | D:3      | Identified a +0 whip
  2057 | D:3      | Identified a +6 ring of intelligence
  2129 | D:3      | Reached XP level 4. HP: 21/32 MP: 3/6
  2131 | D:3      | Learned a level 1 spell: Apportation
  2141 | D:3      | Identified a +0 leather armour
  2152 | D:3      | Identified a +0 mace
  2158 | D:3      | Identified a +0 cloak
  2342 | D:3      | Identified a +0 halberd
  2343 | D:3      | Identified a +0 halberd
  2345 | D:3      | Identified a +0 flail
  2346 | D:3      | Identified a +0 halberd
  2360 | D:3      | Identified a potion of ambrosia
  2513 | D:3      | Found a faded altar of an unknown god.
  2557 | D:3      | Reached skill level 3 in Stealth
  2565 | D:3      | Found a hide-covered altar of Uskayaw.
  2568 | D:3      | Identified a +0 chain mail
  2601 | D:3      | Noticed Grinder
  2621 | D:3      | Paralysed by Grinder for 6 turns
  2636 | D:3      | Identified a +0 robe
  2637 | D:3      | Paralysed by Grinder for 7 turns
  2638 | D:3      | HP: 6/32 [Grinder/nerve-wracking pain (13)]
  2639 | D:3      | HP: 1/32 [Grinder (3)]
  2761 | D:3      | Paralysed by Grinder for 3 turns
  2793 | D:3      | Paralysed by Grinder for 6 turns
  2800 | D:3      | Killed Grinder
  2801 | D:3      | Reached skill level 2 in Short Blades
  2801 | D:3      | Reached skill level 1 in Long Blades
  2801 | D:3      | Reached skill level 1 in Armour
  2801 | D:3      | Reached skill level 3 in Dodging
  2801 | D:3      | Reached skill level 4 in Stealth
  2801 | D:3      | Reached skill level 5 in Hexes
  2801 | D:3      | Reached skill level 1 in Necromancy
  2801 | D:3      | Reached XP level 5. HP: 32/38 MP: 1/7
  2801 | D:3      | Reached XP level 6. HP: 37/44 MP: 1/8
  2989 | D:4      | Identified a +0 dagger
  3047 | D:4      | Learned a level 1 spell: Summon Small Mammal
  3124 | D:4      | Identified a +0 leather armour
  3151 | D:4      | Found Liledobb's Book Shop.
  3154 | D:4      | Identified a +0 triple crossbow
  3161 | D:4      | Identified a +0 chain mail
  3184 | D:4      | Identified a +0 whip
  3208 | D:4      | Identified a +0 hunting sling
  3250 | D:4      | Learned a level 2 spell: Blink
  3273 | D:4      | Noticed a steam dragon
  3287 | D:4      | Identified a potion of attraction
  3288 | D:4      | Identified a potion of curing
  3294 | D:4      | Killed from afar by a steam dragon

Table legend: (Time is in decaauts)
 A = Elapsed time spent in this place.
 B = Non-inter-level travel time spent in this place.
 C = Inter-level travel time spent in this place.
 D = Time resting spent in this place.
 E = Time spent auto-exploring this place.
 F = Levels seen in this place.
 G = Mean time per level.
                   A        B        C        D        E       F      G
               +--------+--------+--------+--------+--------+-----+--------+
         Total |   3327 |   3243 |     84 |    447 |   1755 |   4 |  831.8 |
       Dungeon |   3327 |   3243 |     84 |    447 |   1755 |   4 |  831.8 |
               +--------+--------+--------+--------+--------+-----+--------+

Top non-repeatable levels by time:
     D:1: 1097 daAuts
     D:2: 903 daAuts
     D:3: 881 daAuts
     D:4: 444 daAuts

Table legend:
 A = Kills in this place as a percentage of kills in entire the game.
 B = Kills by you in this place as a percentage of kills by you in the entire game.
 C = Kills by friends in this place as a percentage of kills by friends in the entire game.
 D = Other kills in this place as a percentage of other kills in the entire game.
 E = Experience gained in this place as a percentage of experience gained in the entire game.
 F = Experience gained in this place divided by the number of levels of this place that you have seen.
                   A       B       C       D       E      F
               +-------+-------+-------+-------+-------+----------------------
         Total | 100.0 | 100.0 |   N/A |   N/A | 100.0 | 112.5
       Dungeon | 100.0 | 100.0 |   N/A |   N/A | 100.0 | 112.5
               +-------+-------+-------+-------+-------+----------------------

Skill      XL: |  1  2  3  4 |
---------------+-------------+-----
Fighting       | 1 |  1.6
Stealth        | 1 2 4 |  4.0
Short Blades   | 1 2 |  2.3
Long Blades    | 1 |  1.1
Armour         | 1 |  1.1
Dodging        | 3 |  3.0
Hexes          | 5 |  5.0
Necromancy     | 1 |  1.3
Slings         | |  0.6
Throwing       | |  1.9
Spellcasting   | |  1.8
Translocations | |  0.8

Action                   |  1- 3 |  4- 6 || total
-------------------------+-------+-------++-------
Melee: Dagger            |   206 |       ||   206
       Unarmed           |     4 |    19 ||    23
       Bite              |    17 |     6 ||    23
       Falchion          |    30 |    97 ||   127
       Short sword       |    20 |       ||    20
Throw: Javelin           |    11 |     4 ||    15
       Dart              |       |     7 ||     7
       Throwing net      |       |     1 ||     1
 Cast: Corona            |    14 |     6 ||    20
       Slow              |     3 |     8 ||    11
  Use: Scroll            |     4 |       ||     4
       Potion            |       |     4 ||     4
 Stab: Sleeping          |     7 |     2 ||     9
Armor: Robe              |    97 |    25 ||   122
       Skin              |       |     6 ||     6
Dodge: Dodged            |   144 |    78 ||   222
       Rpst.: Falchion   |     5 |    12 ||    17

Vanquished Creatures
  Grinder (D:3)
  4 gnolls (D:3)
  2 worms (D:3)
  5 dart slugs
  5 orcs (D:2)
  4 endoplasms
  7 giant cockroaches
  7 goblins
  10 hobgoblins
  2 quokkas (D:1)
  4 ball pythons
  5 bats
  2 frilled lizards
  3 kobolds
  3 rats
64 creatures vanquished.

Vanquished Creatures (others)
  6 plants
6 creatures vanquished.

Grand Total: 70 creatures vanquished
